[Event "*** Titled Tuesday Blitz"]
[Site "Chess.com"]
[Date "2018.09.04"]
[Round "4"]
[White "Nakachuk"]
[Black "Rodalquilar"]
[Result "0-1"]
[WhiteElo "2687"]
[BlackElo "2487"]
[TimeControl "180+2"]
[EndTime "14:23:01 PDT"]
[Termination "Rodalquilar won by checkmate"]

1. d4 Nf6 2. Bf4 d5 3. e3 c5 4. c3 Nc6 5. Nd2 Bf5 6. Qb3 Qc8 7. Ngf3 e6 8. Bb5 Be7 9. Ne5 O-O 10. Bxc6 bxc6 11.
Qa4 Nd7 12. Nxc6 Bf6 13. Ne5 Bxe5 14. Bxe5 Nxe5 15. dxe5 Bd3 16. f3 Qb8 17. Qa3 c4 18. f4 Qb6 19. Kf2 f6 20. exf6 Rxf6 21. g3 e5 22. Kg2 Qxe3 23. Rhd1 exf4 24. Qa5 Rf5 25. Nf1 Be4+ 26. Kh3 Rh5+ 27. Kg4 Bf3# 0-1

[Event "*** Titled Tuesday Blitz"]
[Site "Chess.com"]
[Date "2018.09.04"]
[Round "4"]
[White "ENEASZ"]
[Black "GrigorGrigorov"]
[Result "1-0"]
[WhiteElo "2551"]
[BlackElo "2692"]
[TimeControl "180+2"]
[EndTime "14:23:19 PDT"]
[Termination "ENEASZ won by resignation"]

1. e4 e6 2. d4 d5 3. Bd3 c5 4. exd5 exd5 5. Nf3 Nf6 6. O-O cxd4 7. Nxd4 Be7 8. Re1 O-O 9. Nc3 Nc6 10. Nf5 Bxf5 11. Bxf5 Re8 12. Bg5 d4 13. Ne2 Qd5 14. Ng3 Bb4 15.
Rxe8+ Rxe8 16. Bxf6 Re1+ 17. Qxe1 Bxe1 18. Rxe1 gxf6 19.
Nh5 Qd8 20. Re8+ Qxe8 21. Nxf6+ Kf8 22. Nxe8 Kxe8 23. Bxh7 1-0

[Event "*** Titled Tuesday Blitz"]
[Site "Chess.com"]
[Date "2018.09.04"]
[Round "4"]
[White "Jbd735"]
[Black "chess_rehab"]
[Result "0-1"]
[WhiteElo "2316"]
[BlackElo "2240"]
[TimeControl "180+2"]
[EndTime "14:23:44 PDT"]
[Termination "chess_rehab won by checkmate"]

1. e4 c5 2. Nf3 d6 3. d4 cxd4 4. Nxd4 Nf6 5. Nc3 g6 6. Be3 Bg7 7. f3 Nc6 8. Qd2 O-O 9. Bc4 Ne5 10. Bb3 Bd7 11. O-O-O Qa5 12. Kb1 Rfc8 13. h4 Rab8 14.
h5 Rxc3 15. bxc3 Nxh5 16. g4 Ng3 17. Rh3 Nxf3 18. Nxf3 Nxe4 19. Qh2 Nxc3+ 20. Kc1 Nxd1 21. Kxd1 Bxg4 22. Qf4 Bxh3 23. Qxf7+ Kh8 24. Ng5 Bg4+ 25. Kc1 Qe1# 0-1

[Event "*** Titled Tuesday Blitz"]
[Site "Chess.com"]
[Date "2018.09.04"]
[Round "4"]
[White "aquaticpineapples"]
[Black "CrushingKings"]
[Result "0-1"]
[WhiteElo "1981"]
[BlackElo "1877"]
[TimeControl "180+2"]
[EndTime "14:23:46 PDT"]
[Termination "CrushingKings won by resignation"]

1. d4 Nf6 2. Nf3 g6 3. Nbd2 d5 4. e3 Bg7 5. b4 O-O 6. c4 Bg4 7. Be2 Nbd7 8. O-O Re8 9. Bb2 c6 10. a4 dxc4 11. Nxc4 Nd5 12. h3 Bxf3 13. Bxf3 Nxb4 14.
Qb3 a5 15. Bc3 c5 16. Bxb4 axb4 17. Bxb7 Rb8 18. Bf3 cxd4 19. exd4 Bxd4 20. Rad1 Nc5 21.
Qb1 Nxa4 22. Qe4 e5 23. Qc6 Nc3 24. Rc1 Re6 0-1

[Event "*** Titled Tuesday Blitz"]
[Site "Chess.com"]
[Date "2018.09.04"]
[Round "4"]
[White "b_6"]
[Black "lhavas"]
[Result "1-0"]
[WhiteElo "2389"]
[BlackElo "2306"]
[TimeControl "180+2"]
[EndTime "14:23:54 PDT"]
[Termination "b_6 won by resignation"]

1. d4 Nf6 2. Bf4 g6 3. Nc3 Bg7 4. e4 d6 5. Qd2 O-O 6. O-O-O c6 7. Bh6 b5 8. Bd3 b4 9. Nce2 Qa5 10. Kb1 Be6 11.
Nc1 Nbd7 12. Bxg7 Kxg7 13. f4 Nb6 14. Nf3 Rab8 15. Nb3 Qa4 16. f5 Bxb3 17. cxb3 Qa5 18. h4 h5 19. e5 dxe5 20. dxe5 Ng4 21. fxg6 fxg6 22. Qg5 Nxe5 23. Nxe5 Rf6 24. Bxg6 Rg8 25. Bf7+ 1-0

[Event "*** Titled Tuesday Blitz"]
[Site "Chess.com"]
[Date "2018.09.04"]
[Round "4"]
[White "indfraeng"]
[Black "Synctel"]
[Result "1-0"]
[WhiteElo "1953"]
[BlackElo "1897"]
[TimeControl "180+2"]
[EndTime "14:24:00 PDT"]
[Termination "indfraeng won on time"]

1. d4 c5 2. d5 e5 3. c4 d6 4. e4 g6 5. Nc3 Bg7 6. g3 Nf6 7. Bg2 O-O 8. Nf3 Nh5 9. O-O a6 10. Ne1 Nd7 11. Nd3 Rb8 12. a4 Qe8 13. f4 exf4 14. gxf4 f5 15. Re1 Qf7 16. e5 1-0

[Event "*** Titled Tuesday Blitz"]
[Site "Chess.com"]
[Date "2018.09.04"]
[Round "4"]
[White "Arm-Akiba"]
[Black "farzadbfd"]
[Result "1-0"]
[WhiteElo "2757"]
[BlackElo "2532"]
[TimeControl "180+2"]
[EndTime "14:24:24 PDT"]
[Termination "Arm-Akiba won by resignation"]

1. d4 d5 2. c4 e6 3. Nf3 Nf6 4. Nc3 Be7 5. Bg5 O-O 6. e3 h6 7. Bxf6 Bxf6 8. Rc1 c6 9. h4 g6 10. h5 g5 11. Bd3 Nd7 12. Bb1 Re8 13. Qc2 Nf8 14. Ne5 Bg7 15. f4 gxf4 16. exf4 dxc4 17. O-O Qxd4+ 18. Kh1 Bxe5 19. Rcd1 Qe3 20. Rf3 Qxf3 21. gxf3 Bg7 22. Ne4 f5 23. Nd6 Re7 24. Qxc4 Bd7 25.
Nxf5 Rf7 26. Nd6 Re7 27. f5 b5 28. Qh4 Rae8 29. f6 1-0

[Event "*** Titled Tuesday Blitz"]
[Site "Chess.com"]
[Date "2018.09.04"]
[Round "4"]
[White "Caterpiller35"]
[Black "Fighter008"]
[Result "1-0"]
[WhiteElo "2302"]
[BlackElo "2429"]
[TimeControl "180+2"]
[EndTime "14:24:29 PDT"]
[Termination "Caterpiller35 won by resignation"]

1. d4 Nf6 2. Bf4 g6 3. Nc3 d5 4. e3 Bg7 5. h4 h5 6. Nf3 O-O 7.
Nb5 Na6 8. Ne5 c6 9. Nc3 Nc7 10.
Be2 Nce8 11. g4 hxg4 12. Nxg4 Nxg4 13. Bxg4 Bxg4 14. Qxg4 Nf6 15. Qf3 Nh5 16. O-O-O b5 17. Rdg1 Qa5 18. Be5 b4 19. Ne2 Qxa2 20. Qxh5 gxh5 21.
Rxg7+ Kh8 22. Rxf7+ Kg8 23. Rg7+ Kh8 24. Rhg1 Rf6 25. R7g5 Kh7 26. Rxh5+ Rh6 27. Rg7+ 1-0

[Event "*** Titled Tuesday Blitz"]
[Site "Chess.com"]
[Date "2018.09.04"]
[Round "4"]
[White "maziarbagheri"]
[Black "twitchTriniCupid"]
[Result "1-0"]
[WhiteElo "2312"]
[BlackElo "2203"]
[TimeControl "180+2"]
[EndTime "14:24:42 PDT"]
[Termination "maziarbagheri won by resignation"]

1. Nf3 d5 2. d4 Nf6 3. c4 c6 4. Nc3 e6 5. Bg5 Nbd7 6. e3 Be7 7. Rc1 h6 8. Bh4 Qa5 9. Bd3 g5 10. Bg3 dxc4 11. Bxc4 Ne4 12. O-O Nxg3 13. hxg3 b5 14.
Bb3 Bb7 15. Ne4 O-O-O 16. d5 exd5 17. Qxd5 Kb8 18. Qxf7 Rhe8 19. Rfd1 g4 20. Nd4 Ne5 21. Qf4 Bg5 22. Nxg5 hxg5 23. Qxg5 Qc7 24. Ne6 Rxd1+ 25. Rxd1 Qe7 26. Qxe5+ 1-0

[Event "*** Titled Tuesday Blitz"]
[Site "Chess.com"]
[Date "2018.09.04"]
[Round "4"]
[White "Mikhail_Golubev"]
[Black "SaraciNderim"]
[Result "1-0"]
[WhiteElo "2430"]
[BlackElo "2493"]
[TimeControl "180+2"]
[EndTime "14:24:44 PDT"]
[Termination "Mikhail_Golubev won by resignation"]

1. e4 c5 2. Nf3 d6 3. d4 cxd4 4. Nxd4 Nf6 5. Nc3 g6 6. Be3 Bg7 7. f3 O-O 8. Qd2 Nc6 9. Bc4 Nxd4 10. Bxd4 Be6 11. Bb3 a6 12. O-O-O Rc8 13. Kb1 Re8 14. Bxe6 fxe6 15. h4 Qa5 16. h5 Nxh5 17. Bxg7 Kxg7 18. g4 Nf6 19. Qh6+ Kf7 20. g5 Rh8 21. gxf6 Kxf6 22. e5+ Qxe5 23. Ne4+ Kf7 24. Rhe1 Qf5 25. Rxd6 e5 26.
Rd5 1-0

[Event "*** Titled Tuesday Blitz"]
[Site "Chess.com"]
[Date "2018.09.04"]
[Round "4"]
[White "LordIron"]
[Black "Polish_fighter3000"]
[Result "0-1"]
[WhiteElo "2247"]
[BlackElo "2908"]
[TimeControl "180+2"]
[EndTime "14:24:47 PDT"]
[Termination "Polish_fighter3000 won by resignation"]

1. d4 Nf6 2. Nf3 e6 3. g3 b5 4. Bg2 Bb7 5. O-O Be7 6. a4 b4 7. c4 bxc3 8. bxc3 c5 9. Ba3 O-O 10. Nbd2 Na6 11. Nb3 Rc8 12. dxc5 Nxc5 13. Nxc5 Bxc5 14.
Bxc5 Rxc5 15. Qd4 Qc7 16. Rab1 Be4 17. Rb3 Rc8 18. Nh4 Rc4 19. Qe3 Nd5 20. Qxe4 Rxe4 21.
Bxe4 Nxc3 22. Rb7 Qe5 23. Bd3 Nxe2+ 24. Bxe2 Qxe2 25. Rxd7 g5 26. Ng2 a5 27. h4 h6 28.
hxg5 hxg5 29. Ne3 Qf3 30. Rfd1 Kg7 31. R7d4 Rh8 32. Ng2 Qh5 0-1

[Event "*** Titled Tuesday Blitz"]
[Site "Chess.com"]
[Date "2018.09.04"]
[Round "4"]
[White "HonzaVykouk"]
[Black "champ2005"]
[Result "1-0"]
[WhiteElo "2558"]
[BlackElo "2743"]
[TimeControl "180+2"]
[EndTime "14:24:53 PDT"]
[Termination "HonzaVykouk won by resignation"]

1. e4 c6 2. Nf3 d5 3. Nc3 dxe4 4. Nxe4 Nf6 5. Nxf6+ exf6 6. d4 Bd6 7. Be2 O-O 8.
O-O Re8 9. b3 Nd7 10. Bb2 Nf8 11. c4 Ng6 12. Re1 Nf4 13. Bf1 Bg4 14. Rxe8+ Qxe8 15. h3 Bh5 16. Qe1 Nxh3+ 17. gxh3 Bxf3 18. Qxe8+ Rxe8 19. Bd3 g6 20. Bc3 f5 21. Kf1 Bf8 22. Re1 Rd8 23.
Re3 Bh5 24. Be2 Bxe2+ 25. Kxe2 Bg7 26. Re7 b6 27. Rxa7 c5 28. Rb7 cxd4 29. Bb4 d3+ 30. Kd2 Bh6+ 31. Kd1 d2 32. Rxb6 Re8 33. Kc2 Bf4 34.
Rb5 Re2 35. Rd5 d1=Q+ 36. Kxd1 Rxa2 37. c5 Rb2 38. Rd8+ Kg7 39. Bc3+ 1-0

[Event "*** Titled Tuesday Blitz"]
[Site "Chess.com"]
[Date "2018.09.04"]
[Round "4"]
[White "Kurai"]
[Black "Bad4life"]
[Result "0-1"]
[WhiteElo "2452"]
[BlackElo "2435"]
[TimeControl "180+2"]
[EndTime "14:25:05 PDT"]
[Termination "Bad4life won by resignation"]

1. e4 d6 2. d4 Nf6 3. Nc3 g6 4.
Be2 Bg7 5. Nf3 a6 6. a4 O-O 7.
O-O c6 8. h3 Qc7 9. Be3 Rd8 10.
Qd2 e5 11. Bh6 Nbd7 12. Bxg7 Kxg7 13. Rfe1 exd4 14. Nxd4 c5 15. Nf3 Ne5 16. Rad1 Be6 17. Ng5 h6 18. Nxe6+ fxe6 19. f4 Nc6 20. Bc4 Nd4 21. Qf2 Rf8 22. e5 dxe5 23. fxe5 Nh5 24. Qd2 Rad8 25. Qc1 Ng3 26. Bd3 c4 27. Be4 Qxe5 28.
Bxb7 Qc5 29. Qe3 Nde2+ 0-1

[Event "*** Titled Tuesday Blitz"]
[Site "Chess.com"]
[Date "2018.09.04"]
[Round "4"]
[White "ahmadzada13"]
[Black "jncool68"]
[Result "1-0"]
[WhiteElo "2628"]
[BlackElo "2498"]
[TimeControl "180+2"]
[EndTime "14:25:10 PDT"]
[Termination "ahmadzada13 won by resignation"]

1. e4 e5 2. Nf3 Nc6 3. Bb5 a6 4. Ba4 Nf6 5. O-O Be7 6. Bxc6 dxc6 7. d3 Nd7 8. b3 O-O 9. Bb2 f6 10. Nbd2 Re8 11. Nc4 Nf8 12. Ne3 Be6 13. d4 exd4 14. Nxd4 Bf7 15. Qg4 Ng6 16. Nef5 Bf8 17. Rad1 Qc8 18. h4 c5 19. Ne2 Kh8 20. Neg3 Ne5 21.
Bxe5 Rxe5 22. f4 Re8 23. h5 Qe6 24. Rf2 Rad8 25. Rfd2 Rxd2 26. Rxd2 c4 27. Kh2 cxb3 28. cxb3 c5 29. Qd1 b5 30. Rd7 c4 31. Ra7 c3 32.
Nd4 Qd6 33. Rxf7 Qxf4 34. Nf5 g6 35. hxg6 hxg6 36. Qd4 Qe5 37. Qd7 gxf5 38. Rh7+ 1-0

[Event "*** Titled Tuesday Blitz"]
[Site "Chess.com"]
[Date "2018.09.04"]
[Round "4"]
[White "Ksenia_Legenko"]
[Black "chesstatour"]
[Result "1-0"]
[WhiteElo "2060"]
[BlackElo "1987"]
[TimeControl "180+2"]
[EndTime "14:25:14 PDT"]
[Termination "Ksenia_Legenko won by resignation"]

1. d4 Nf6 2. c4 e6 3. g3 Bb4+ 4.
Bd2 Bxd2+ 5. Nxd2 O-O 6. Bg2 d5 7. Ngf3 c6 8. O-O Nbd7 9. Qc2 Qe7 10. e4 dxe4 11. Nxe4 Nxe4 12. Qxe4 c5 13. d5 Nf6 14.
Qe2 Re8 15. Rfe1 Qc7 16. Rad1 Bd7 17. d6 Qb6 18. Ne5 Rad8 19. Rd2 Bc6 20. Bxc6 bxc6 21. Qf3 Qa5 22. Red1 Qxa2 23. d7 Rf8 24. Qxc6 Qb3 25. Qxc5 g6 26. Qxa7 Kg7 27. Qd4 Qb7 28. Ng4 e5 29.
Qxe5 Qb6 30. Rd6 1-0

[Event "*** Titled Tuesday Blitz"]
[Site "Chess.com"]
[Date "2018.09.04"]
[Round "4"]
[White "Cryptochess"]
[Black "jefferyx"]
[Result "0-1"]
[WhiteElo "2514"]
[BlackElo "2769"]
[TimeControl "180+2"]
[EndTime "14:25:17 PDT"]
[Termination "jefferyx won by resignation"]

1. e4 e5 2. Nf3 Nc6 3. Bc4 Bc5 4. c3 Nf6 5. d3 O-O 6. O-O d6 7. Bb3 h6 8. Nbd2 a5 9. h3 Bd7 10. Re1 a4 11. Bc2 b5 12. Nf1 Qb8 13. d4 Bb6 14.
Ng3 Re8 15. Be3 Qa7 16. Qd3 exd4 17. Nxd4 Ne5 18. Qe2 Nc4 19. Ndf5 Bxf5 20. Nxf5 Nxe3 21. fxe3 Re5 22. Qf3 Kh7 23. Rf1 Rg8 24. Nxg7 Bxe3+ 25. Kh1 Rxg7 26. Qxf6 Qc5 27. Rad1 Qc4 28. Rd5 Qe2 29. Qf3 Qxc2 30. Rxe5 dxe5 31. Qf5+ Kh8 32. g4 Bf4 33.
Rxf4 exf4 34. Qxf4 Qb1+ 35. Kg2 Qxb2+ 36. Kh1 Qa1+ 37.
Kg2 Qxa2+ 38. Kh1 Qe6 39. e5 a3 0-1

[Event "*** Titled Tuesday Blitz"]
[Site "Chess.com"]
[Date "2018.09.04"]
[Round "4"]
[White "Barcelona_Guy"]
[Black "Vuk2000"]
[Result "1-0"]
[WhiteElo "2547"]
[BlackElo "2717"]
[TimeControl "180+2"]
[EndTime "14:25:19 PDT"]
[Termination "Barcelona_Guy won by resignation"]

1. d4 Nf6 2. c4 e6 3. Nf3 b6 4.
g3 Ba6 5. b3 Bb4+ 6. Bd2 Be7 7.
Nc3 c6 8. e4 d5 9. cxd5 Bxf1 10. Kxf1 cxd5 11. e5 Nfd7 12. Kg2 Nc6 13. Rc1 Rc8 14. h4 h6 15. g4 a6 16. Qe2 b5 17.
g5 h5 18. Qd3 g6 19. Ne2 O-O 20. Nf4 Kg7 21. Rc2 Ba3 22. Rxc6 Rxc6 23. b4 Bb2 24.
Qb3 Bxd4 25. Nxd4 Rc4 26. Ndxe6+ fxe6 27. Nxe6+ Kf7 28. Nxd8+ Rxd8 29. e6+ Kxe6 30. Re1+ Kd6 31. Bf4+ Kc6 32. Re6+ Kb7 33. Qd3 Nf8 34. Re7+ Kb6 35. Be3+ d4 36. Qe4 Nd7 37. Bxd4+ Kc7 38. Be5+ 1-0

[Event "*** Titled Tuesday Blitz"]
[Site "Chess.com"]
[Date "2018.09.04"]
[Round "4"]
[White "A-Fier"]
[Black "wonderfultime"]
[Result "0-1"]
[WhiteElo "2752"]
[BlackElo "2831"]
[TimeControl "180+2"]
[EndTime "14:25:21 PDT"]
[Termination "wonderfultime won by checkmate"]

1. e4 c5 2. Nf3 Nf6 3. Nc3 d6 4.
d4 cxd4 5. Nxd4 g6 6. Be3 Bg7 7. f3 O-O 8. Qd2 Nc6 9. O-O-O d5 10. Nxc6 bxc6 11. Bh6 Bxh6 12. Qxh6 Rb8 13. h4 Qb6 14. b3 Qc5 15. Kb2 dxe4 16. Qg5 Qf5 17. g4 Qxf3 18. Be2 Qg3 19. h5 Be6 20. Rdg1 Qd6 21. Qh6 g5 22. Qxg5+ Kh8 23. Qe3 Qe5 24. Qg3 Qxg3 25.
Rxg3 h6 26. g5 hxg5 27. Rxg5 Rg8 28. Re5 Rg2 29. Bf1 Rf2 30. Nxe4 Nxe4 31. Rxe4 Bd5 32. Reh4 Bxh1 33. Rxh1 Rd8 34. Kc3 Rf3+ 35. Bd3 e5 36.
Re1 Re8 37. Kc4 f5 38. Kc5 e4 39.
Bc4 Rf2 40. Kxc6 e3 41. Kd7 Re4 42. Bd3 Rd4+ 43. Ke6 f4 44. Ke5 Rd8 45. a4 Re8+ 46. Kd4 e2 47. Kc3 f3 48. Kd2 Rh2 49. Rb1 e1=Q# 0-1

[Event "*** Titled Tuesday Blitz"]
[Site "Chess.com"]
[Date "2018.09.04"]
[Round "4"]
[White "Zarikovs1999"]
[Black "gemarin"]
[Result "1-0"]
[WhiteElo "2183"]
[BlackElo "2109"]
[TimeControl "180+2"]
[EndTime "14:25:21 PDT"]
[Termination "Zarikovs1999 won on time"]

1. e4 c5 2. Nf3 Nc6 3. d4 cxd4 4. Nxd4 Nf6 5. Nc3 d6 6. Be2 e5 7. Ndb5 a6 8. Na3 h6 9. Be3 Be6 10. Nd5 Bxd5 11. exd5 Qa5+ 12. Bd2 Qxd5 13. O-O Be7 14. Bf3 e4 15. c4 Qf5 16. Be2 O-O 17. Nc2 d5 18. Ne3 Qe6 19. cxd5 Nxd5 20. Nxd5 Qxd5 21. Bc3 Qxd1 22. Rfxd1 Rfd8 23. Kf1 Bb4 24. Ke1 Bxc3+ 25. bxc3 Kf8 26. Rab1 Na5 27. Rb6 Rxd1+ 28. Kxd1 Ke7 29. Rb4 f5 30. g4 g6 31. f3 Rd8+ 32. Kc2 exf3 33.
Bxf3 b5 34. gxf5 gxf5 35. a4 1-0

[Event "*** Titled Tuesday Blitz"]
[Site "Chess.com"]
[Date "2018.09.04"]
[Round "4"]
[White "xberli"]
[Black "ChainsOfFantasia"]
[Result "1-0"]
[WhiteElo "2546"]
[BlackElo "2367"]
[TimeControl "180+2"]
[EndTime "14:25:23 PDT"]
[Termination "xberli won by resignation"]

1. e4 c6 2. d4 d5 3. e5 c5 4. dxc5 e6 5. a3 Bxc5 6. b4 Bb6 7. Nf3 Ne7 8. Bd3 Ng6 9. O-O O-O 10. Re1 Nc6 11. Bb2 Nf4 12. Bf1 a5 13. b5 Ne7 14.
a4 Nf5 15. Qd2 Ng6 16. Nc3 Ngh4 17. Nxh4 Qxh4 18. g3 Qd4 19. Bd3 Qg4 20. Qe2 Qh3 21. Qf1 Qh5 22. Ne2 Bd7 23. Qg2 Qh6 24. Bc1 Qg6 25. Nf4 Qh6 26. Nxd5 g5 27. Nxb6 1-0

[Event "*** Titled Tuesday Blitz"]
[Site "Chess.com"]
[Date "2018.09.04"]
[Round "4"]
[White "SARGISMV"]
[Black "Yurovskykh_Oleksandr"]
[Result "1-0"]
[WhiteElo "2494"]
[BlackElo "2442"]
[TimeControl "180+2"]
[EndTime "14:25:24 PDT"]
[Termination "SARGISMV won by resignation"]

1. d4 d5 2. c4 c6 3. Nf3 Nf6 4. e3 Bg4 5. h3 Bh5 6. g4 Bg6 7. Ne5 e6 8. Nd2 Nbd7 9. Nxg6 hxg6 10. Bg2 Bd6 11. O-O O-O 12. Re1 Re8 13. g5 Nh7 14. f4 f5 15. c5 Bc7 16. b4 a5 17. bxa5 Bxa5 18. Qc2 Qc7 19. Re2 Bxd2 20. Bxd2 Ra7 21. a4 Rea8 22. a5 Nhf8 23. Rb1 Kf7 24. Be1 Ke7 25.
Rb3 Kd8 26. Qb1 Kc8 27. Reb2 Nb8 28. Bf1 Nfd7 29. Bd2 Na6 30. Qe1 Qd8 31. Qh4 Kc7 32.
Qh7 Qg8 33. Qxg6 Nf8 34. Qh5 Qh7 35. Qxh7 Nd7 36. Qxg7 1-0

[Event "*** Titled Tuesday Blitz"]
[Site "Chess.com"]
[Date "2018.09.04"]
[Round "4"]
[White "nihalsarin"]
[Black "rasmussvane"]
[Result "1-0"]
[WhiteElo "2870"]
[BlackElo "2700"]
[TimeControl "180+2"]
[EndTime "14:25:26 PDT"]
[Termination "nihalsarin won by resignation"]

1. e4 c6 2. d4 d5 3. exd5 cxd5 4. Bd3 Nf6 5. c3 Bg4 6. Qb3 Qc7 7. Ne2 Bxe2 8.
Bxe2 e6 9. Nd2 Bd6 10. g3 Nc6 11. O-O O-O 12. Bd3 Rab8 13. a4 a6 14. Qc2 b5 15. axb5 axb5 16. Nf3 b4 17. Bg5 h6 18. Bxf6 gxf6 19. Qd2 Kg7 20. Nh4 bxc3 21. bxc3 Ne7 22.
Rac1 Ng6 23. Nxg6 fxg6 24. c4 dxc4 25. Bxc4 Qd7 26. Qe2 e5 27. dxe5 Bxe5 28. Rfd1 Qa7 29. Bd3 Rb2 30. Rc2 Rxc2 31. Bxc2 Qc7 32. Bxg6 Rd8 33.
Bd3 Rd4 34. Rb1 Qd7 35. Be4 Qe7 36. Rb7 Rd7 37. Qg4+ 1-0

[Event "*** Titled Tuesday Blitz"]
[Site "Chess.com"]
[Date "2018.09.04"]
[Round "4"]
[White "martinmartinez95"]
[Black "ZatonskihAnna"]
[Result "0-1"]
[WhiteElo "2433"]
[BlackElo "2424"]
[TimeControl "180+2"]
[EndTime "14:25:26 PDT"]
[Termination "ZatonskihAnna won on time"]

1. d4 d5 2. c4 e6 3. Nc3 Nf6 4.
Nf3 Be7 5. Bg5 O-O 6. e3 h6 7. Bxf6 Bxf6 8. Rc1 c6 9. Be2 Nd7 10. O-O dxc4 11. Bxc4 e5 12. d5 Nb6 13. Bb3 e4 14.
Nxe4 Bxb2 15. Rc5 Qe7 16. Nfd2 cxd5 17. Bxd5 Ba3 18. Rb5 Bd7 19. Rxb6 axb6 20. Bxb7 Ra7 21. Bd5 Rd8 22. Qf3 Bb5 23. Bc4 Bc6 24. Rb1 Rxd2 25. Rxb6 Bxe4 26. Bxf7+ Kh7 0-1

[Event "*** Titled Tuesday Blitz"]
[Site "Chess.com"]
[Date "2018.09.04"]
[Round "4"]
[White "Aryangholami"]
[Black "bugsbunny444"]
[Result "1-0"]
[WhiteElo "2722"]
[BlackElo "2423"]
[TimeControl "180+2"]
[EndTime "14:25:37 PDT"]
[Termination "Aryangholami won by resignation"]

1. Nf3 d5 2. g3 Nc6 3. Bg2 e5 4. O-O e4 5. Ne1 f5 6. d3 Be6 7. b3 Nf6 8. Bb2 Be7 9. e3 O-O 10. Nd2 Qd7 11. a3 Rad8 12. b4 a6 13. Nb3 Qe8 14. Qe2 Bc8 15. c4 dxc4 16. dxc4 Ng4 17. h3 Nh6 18. Nc2 Nf7 19. Rfd1 Nce5 20. Rxd8 Bxd8 21.
Ne1 Be6 22. Rc1 b5 23. Nc5 Bxc4 24. Qd2 Qc6 25. Nc2 Nd3 26. Nd4 Qd5 27. Nxd3 Bxd3 28. Qxd3 Qa2 29. Qc2 Ne5 30. Bf1 Nd3 31. Bxd3 exd3 32.
Qd2 Bf6 33. Ra1 Qc4 34. Rd1 c5 35. bxc5 1-0

[Event "*** Titled Tuesday Blitz"]
[Site "Chess.com"]
[Date "2018.09.04"]
[Round "4"]
[White "Saitama_Hero"]
[Black "Karina_Oparina"]
[Result "1-0"]
[WhiteElo "2196"]
[BlackElo "2176"]
[TimeControl "180+2"]
[EndTime "14:25:41 PDT"]
[Termination "Saitama_Hero won by resignation"]

1. e4 e5 2. Nf3 d6 3. d4 Nf6 4.
Nc3 Nbd7 5. Bc4 Be7 6. O-O O-O 7. Re1 c6 8. a4 b6 9. h3 a6 10. dxe5 dxe5 11. Nh4 Bb7 12. Nf5 b5 13. Bb3 Nc5 14. Qf3 b4 15. Nd1 Nxb3 16. cxb3 c5 17. Qg3 Ne8 18. f3 Bf6 19. Nde3 Kh8 20. Ng4 g6 21. Bh6 Rg8 22. Rad1 gxf5 23. Rxd8 Rxd8 24. exf5 Rd3 25. Qf2 Rxb3 26. Nxf6 Nxf6 27. Qxc5 Rxb2 28. g4 Bxf3 29.
Qxe5 Rg2+ 30. Kf1 1-0

[Event "*** Titled Tuesday Blitz"]
[Site "Chess.com"]
[Date "2018.09.04"]
[Round "4"]
[White "epccmelech"]
[Black "Lord_Neezy"]
[Result "0-1"]
[WhiteElo "1610"]
[BlackElo "2045"]
[TimeControl "180+2"]
[EndTime "14:25:43 PDT"]
[Termination "Lord_Neezy won by resignation"]

1. d4 Nf6 2. c4 e6 3. Nc3 d5 4. cxd5 exd5 5. Bg5 c6 6. Nf3 Be7 7. e3 Nbd7 8. Bd3 Nh5 9. Bxe7 Qxe7 10. O-O g6 11. a3 a5 12. Rc1 O-O 13. Qd2 Nb6 14.
Ne5 Ng7 15. b4 axb4 16. axb4 Qxb4 17. Rb1 Qa5 18. Rfd1 Na4 19. Rdc1 Nxc3 20. Rxc3 Ra7 21. Qc2 Bf5 22. Bxf5 Nxf5 23. Rc1 Nd6 24. Nd7 Rfa8 25. Nc5 Qd8 26. h3 Ra2 27. Qd3 Qf6 28. Nd7 Qxf2+ 0-1

[Event "*** Titled Tuesday Blitz"]
[Site "Chess.com"]
[Date "2018.09.04"]
[Round "4"]
[White "platy3"]
[Black "Blitzstream"]
[Result "1-0"]
[WhiteElo "2750"]
[BlackElo "2582"]
[TimeControl "180+2"]
[EndTime "14:25:49 PDT"]
[Termination "platy3 won on time"]

1. e4 d5 2. exd5 Qxd5 3. Nc3 Qa5 4. Nf3 Nf6 5. d4 c6 6. Bc4 Bf5 7. Ne5 e6 8. g4 Bg6 9. h4 Nbd7 10. Nxd7 Nxd7 11.
h5 Be4 12. Rh3 Bd5 13. Be2 O-O-O 14. Bf4 Nf6 15. Qd2 Bb4 16. a3 Bg2 17. Rd3 Be4 18.
Rg3 e5 19. Bxe5 Rhe8 20. Qf4 Bxc2 21. g5 Nd5 22. Bg4+ Rd7 23. Qxf7 Rxe5+ 24. dxe5 Nb6 25. Bxd7+ Nxd7 26. e6 Ne5 27. Qe8+ Kc7 28. e7 Bxc3+ 29. bxc3 1-0

[Event "*** Titled Tuesday Blitz"]
[Site "Chess.com"]
[Date "2018.09.04"]
[Round "4"]
[White "michaelk123"]
[Black "Drags95"]
[Result "1-0"]
[WhiteElo "2502"]
[BlackElo "2660"]
[TimeControl "180+2"]
[EndTime "14:25:52 PDT"]
[Termination "michaelk123 won by resignation"]

1. c4 Nf6 2. g3 g6 3. Bg2 Bg7 4. Nc3 O-O 5. d3 d6 6. Rb1 e5 7. b4 h6 8. b5 Re8 9. e4 Nbd7 10. Nge2 Nc5 11. O-O Be6 12. h3 a6 13. a4 axb5 14. axb5 Nfd7 15. Bb2 f5 16. f4 fxe4 17. Nxe4 Nxe4 18.
Bxe4 Bxh3 19. Bxg6 Bxf1 20. Qxf1 Rf8 21. Be4 Nc5 22.
Bd5+ Kh8 23. Qf3 Ra2 24. Qg4 Nxd3 25. Qg6 Qf6 26. Qxd3 Rxb2 27. Rxb2 e4 28. Qxe4 Qxb2 29. Bxb7 Qf6 30. Bd5 Qf5 31. Qe7 Qc8 32. Kg2 Qe8 33.
Qxe8 Rxe8 34. Kf3 Bb2 35. g4 Kg7 36. Ng3 Bd4 37. Nf5+ 1-0

[Event "*** Titled Tuesday Blitz"]
[Site "Chess.com"]
[Date "2018.09.04"]
[Round "4"]
[White "Divertissement"]
[Black "Kriari"]
[Result "0-1"]
[WhiteElo "2538"]
[BlackElo "2822"]
[TimeControl "180+2"]
[EndTime "14:25:59 PDT"]
[Termination "Kriari won by resignation"]

1. d4 Nf6 2. Nf3 d6 3. c4 g6 4. g3 Bg7 5. Bg2 O-O 6. O-O Nc6 7. Nc3 e5 8. d5 Nb8 9. e4 a5 10. Ne1 Nfd7 11. Nd3 Na6 12. Be3 f5 13. f4 exf4 14. Nxf4 Ndc5 15. Bd4 Qe7 16. Bxg7 Qxg7 17. Qd2 Bd7 18. Rae1 Rae8 19. exf5 Bxf5 20. Ne6 Nxe6 21. dxe6 Nc5 22. Nd5 Bxe6 23. Qxa5 Qd4+ 24. Kh1 Nd3 25. Qxc7 Nf2+ 26. Rxf2 Qxf2 27. Rf1 Bh3 28. Ne7+ Rxe7 29. Bd5+ Kh8 0-1

[Event "*** Titled Tuesday Blitz"]
[Site "Chess.com"]
[Date "2018.09.04"]
[Round "4"]
[White "colemman"]
[Black "JSMastropiero"]
[Result "1-0"]
[WhiteElo "2469"]
[BlackElo "2364"]
[TimeControl "180+2"]
[EndTime "14:26:02 PDT"]
[Termination "colemman won by resignation"]

1. d4 Nf6 2. Nf3 d5 3. Nbd2 e6 4. e3 c5 5. c3 Nc6 6. Bd3 Bd6 7.
Qe2 e5 8. dxc5 Bxc5 9. e4 d4 10. Nb3 Bb6 11. cxd4 Nxd4 12. Nbxd4 Bxd4 13. Nxd4 Qxd4 14. O-O O-O 15. Be3 Qb4 16. Rac1 b6 17. Rc7 Be6 18.
a3 Qd6 19. Rfc1 Rfd8 20. R1c3 Rac8 21. Rxc8 Rxc8 22. Rxc8+ Bxc8 23. f3 h6 24. Bc4 Be6 25.
Bxe6 Qxe6 26. Qd3 Kh7 27. Kf2 Qa2 28. Qc3 Nd7 29. h4 h5 30. Kg3 f6 31. Qc7 Nf8 32. Qxa7 Qxb2 33. Bxb6 Ng6 34. Be3 Nxh4 35. Kxh4 Qxg2 36. Qd7 Qxf3 37. Qf5+ Qxf5 38. exf5 1-0